 Dungeon Crawl Stone Soup version 0.22.1-2-g9c5b331383 (webtiles) character file.

811 Descartes the Insei (level 7, -2/32 HPs)
             Began as a Vine Stalker Transmuter on Jan 5, 2019.
             Was a Follower of Cheibriados.
             Slain by an orc warrior
             ... wielding a +0 war axe
              (9 damage)
             ... on level 5 of the Dungeon.
             The game lasted 00:18:47 (4871 turns).

Descartes the Insei (Vine Stalker Transmuter)       Turns: 4871, Time: 00:18:48

Health: -2/32      AC:  3    Str: 14    XL:     7   Next: 93%
Magic:  0/11       EV: 17    Int: 17    God:    Cheibriados [*.....]
Gold:   222        SH:  7    Dex: 17    Spells: 2/10 levels left

rFire    . . .     SeeInvis .     - Unarmed
rCold    . . .     Gourm    .   B - +2 buckler
rNeg     . . .     Faith    .   L - +0 robe {MR+}
rPois    .         Spirit   +   (no helmet)
rElec    .         Reflect  .   (no cloak)
rCorr    .         Harm     .   (no gloves)
MR       ++...                  t - +0 pair of boots
Stlth    ++........             (no amulet)
HPRegen  0.50/turn              q - +4 ring of evasion
MPRegen  0.12/turn              m - ring of protection from magic

@: very slow
A: fangs 2, regeneration 1, magic shield, antimagic bite, no potion heal 3, rot
immunity
a: Bend Time, Renounce Religion


You were on level 5 of the Dungeon.
You worshipped Cheibriados.
Cheibriados was aware of your devotion.
You were not hungry.

You visited 1 branch of the dungeon, and saw 6 of its levels.

You collected 222 gold pieces.

Inventory:

Hand Weapons
 a - a +3 dagger of draining
 b - a +0 hunting sling
Missiles
 f - 53 arrows
 l - 204 stones (quivered)
 p - 23 sling bullets
 s - 5 tomahawks
 H - 34 poisoned needles
Armour
 t - a +0 pair of boots (worn)
 v - a +4 scale mail of poison resistance
 B - a +2 buckler (worn)
 E - the +4 scale mail of the Falcon {rF+}
   (You found it on level 5 of the Dungeon)

   It protects you from fire.
 I - a +0 large shield
 L - a +0 robe of magic resistance (worn)
Jewellery
 m - a ring of protection from magic (right hand)
 q - a +4 ring of evasion (left hand)
 y - an uncursed ring of flight
 J - an uncursed ring of fire
Wands
 u - a wand of iceblast (17)
 w - a wand of digging (13)
 M - a wand of acid (7)
Scrolls
 g - a scroll of noise {unknown}
 k - a scroll of remove curse
 n - 2 scrolls of blinking
 r - 8 scrolls of teleportation
 A - 2 scrolls of immolation {unknown}
 C - 3 scrolls of enchant armour
 D - 2 scrolls of magic mapping {unknown}
 G - a scroll of identify
Potions
 c - 2 potions of heal wounds {unknown}
 e - 6 potions of curing
 i - 2 potions of berserk rage
 j - 2 potions of might
 o - a potion of degeneration {unknown}
 x - a potion of ambrosia {unknown}
 z - 2 potions of agility {unknown}
 F - a potion of lignification {unknown}
 K - a potion of resistance
Comestibles
 d - 7 rations
 h - 5 chunks of flesh


   Skills:
 - Level 0.8 Fighting
 - Level 2.4 Dodging
 * Level 3.7 Shields
 * Level 6.4 Unarmed Combat
 + Level 2.4 Spellcasting
 + Level 4.3 Transmutations


You had 2 spell levels left.
You knew the following spells:

 Your Spells              Type           Power        Failure   Level  Hunger
a - Beastly Appendage     Tmut           ###...       3%          1    #......
b - Sticks to Snakes      Tmut           ###.....     4%          2    ##.....
c - Blade Hands           Tmut           ###.......   67%         5    ######.

Your spell library contained the following spells:

 Spells                   Type           Power        Failure   Level  Hunger
 Corona                   Hex            #......      19%         1    #......
 Ensorcelled Hibernation  Hex/Ice        #.....       28%         2    ##.....
 Spider Form              Tmut/Pois      #.........   24%         3    ###....
 Confuse                  Hex            #.......     50%         3    ###....
 Dazzling Spray           Conj/Hex       #.....       50%         3    ###....
 Tukima's Dance           Hex            #.......     50%         3    ###....
 Ice Form                 Ice/Tmut       #.......     61%         4    #####..


Dungeon Overview and Level Annotations

Branches:
Dungeon (6/15)
 Temple: D:4-7

Altars:
Cheibriados
Nemelex Xobeh
Okawaru


Innate Abilities, Weirdness & Mutations

You have extremely sharp teeth.
Your natural rate of healing is unusually fast.
When hurt, damage is shared between your health and your magic reserves.
Your bite disrupts and absorbs the magic of your enemies.
Potions cannot restore your health.
You are immune to rotting.


Message History

The orc warrior is moderately wounded.
You closely miss the orc warrior.
You headbutt the orc warrior, but do no damage.
Your bite misses the orc warrior.
The orc warrior is moderately wounded.
The orc warrior closely misses you.
You hit the orc warrior but do no damage.
Your headbutt misses the orc warrior.
The orc warrior is moderately wounded.
The orc warrior hits you with a war axe!
* * * LOW HITPOINT WARNING * * *
You closely miss the orc warrior. You bite the orc warrior.
You drain its power.
You feel invigorated.
The orc warrior is moderately wounded.
Your horns disappear.
You hit the orc warrior.
You bite the orc warrior, but do no damage.
The orc warrior is heavily wounded.
The orc warrior hits you with a war axe!!
You die...

.....## ##.# #...# #.........
##..#.###.### #...# #.........
#....._#....####...######.......#
....#.#...................#...#.#
....#.#.....................)[...
..........................#..)#.#
.......^..#.####...######.##.##.#
..........<.# #...# #.##.##.#
......#.##### #@o.# #.......#
<.....#)# #...# ####.....
....).#.########...# #......
......#............# #......
........#.###.#....# #......
......#.#.###.#.#..### ##.....
#######)#............# ##...#
#)#..##.#.##.#.# #####
#.#..##.#.##.#.##


You could see an orc warrior.

Vanquished Creatures
  A sky beast (D:5)
  An ogre (D:4)
  A centaur (D:5)
  A howler monkey (D:5)
  A crimson imp (D:5)
  3 orc priests
  A jelly (D:5)
  4 orc wizards
  Ijyb (D:2)
  2 worker ants (D:4)
  4 adders
  A gnoll (D:4)
  2 adder skeletons
  3 worms
  4 dart slugs
  4 leopard geckos
  15 orcs
  7 giant cockroaches
  14 goblins
  10 hobgoblins
  3 jackals (D:5)
  2 quokkas (D:5)
  4 bats
  6 frilled lizards
  A jackal skeleton (D:4)
  8 kobolds
  7 rats
111 creatures vanquished.

Notes
Turn   | Place    | Note
-------+----------+-------------------------------------------
     0 | D:1      | Descartes the Vine Stalker Transmuter began the quest for
                  | the Orb.
     0 | D:1      | Reached XP level 1. HP: 9/9 MP: 4/4
   143 | D:1      | Reached XP level 2. HP: 14/14 MP: 6/6
   147 | D:1      | Learned a level 2 spell: Sticks to Snakes
   526 | D:1      | Reached XP level 3. HP: 15/17 MP: 4/7
  2062 | D:2      | Reached skill level 4 in Unarmed Combat
  2103 | D:2      | Noticed Ijyb
  2105 | D:2      | Gained mutation: Your natural rate of healing is unusually
                  | fast. [Vine Stalker growth]
  2105 | D:2      | Reached XP level 4. HP: 21/21 MP: 8/8
  2131 | D:2      | Killed Ijyb
  2578 | D:3      | Reached XP level 5. HP: 23/25 MP: 6/9
  2592 | D:3      | Learned a level 5 spell: Blade Hands
  2743 | D:3      | Found a sparkling altar of Nemelex Xobeh.
  3390 | D:4      | Reached skill level 1 in Shields
  3497 | D:4      | Noticed an ogre
  3507 | D:4      | Killed an ogre
  3507 | D:4      | Reached skill level 5 in Unarmed Combat
  3507 | D:4      | Reached XP level 6. HP: 29/29 MP: 10/10
  3725 | D:4      | Found an iron altar of Okawaru.
  3941 | D:5      | Entered Level 5 of the Dungeon
  3941 | D:5      | Found a snail-covered altar of Cheibriados.
  3974 | D:5      | Reached XP level 7. HP: 21/32 MP: 11/11
  3985 | D:5      | Got an ichor-stained scale mail
  4006 | D:5      | Became a worshipper of Cheibriados the Contemplative
  4017 | D:5      | Identified the +4 scale mail of the Falcon {rF+} (You found
                  | it on level 5 of the Dungeon)
  4158 | D:5      | Reached skill level 6 in Unarmed Combat
  4758 | D:5      | Reached * piety under Cheibriados
  4871 | D:5      | Slain by an orc warrior

Skill      XL: |  1  2  3  4  5  6  7 |
---------------+----------------------+-----
Dodging        | 2 |  2.4
Unarmed Combat | 4 5 6 |  6.4
Transmutations | 3 4 |  4.3
Shields        | 1 2 3 |  3.7
Fighting       | |  0.8
Spellcasting   | |  2.4

Action                   |  1- 3 |  4- 6 |  7- 9 || total
-------------------------+-------+-------+-------++-------
Melee: Unarmed           |    10 |   140 |   120 ||   270
       Dagger            |   148 |    60 |       ||   208
       Bite              |    25 |    42 |    32 ||    99
       Kick              |     2 |       |       ||     2
       Headbutt          |       |     7 |    15 ||    22
 Cast: Beastly Appendage |     1 |     1 |     4 ||     6
  Use: Scroll            |     4 |     6 |       ||    10
 Stab: Sleeping          |     4 |     2 |       ||     6
  Eat: Ration            |     1 |       |       ||     1
       Chunk             |       |     6 |     4 ||    10
Armor: Robe              |    16 |    14 |     2 ||    32
       Scale mail        |       |    41 |    17 ||    58
Dodge: Dodged            |    68 |   103 |    63 ||   234
Block: Buckler           |       |    28 |    45 ||    73
